Map: Dusk Towers

Players

FlawlessPim

  • Race: Zerg Zerg
  • League: Master

TheLungy - Winner!

  • Race: Terran Terran
  • League: Master

VOD

Have the link to the VOD?

Description

Just a standard TvZ vs Roach Ravager into quick Ultra-Broodlord.

Time

  • Played on: Jan. 9, 2016, 11:36 a.m.
  • Length: 15:07
Show
View Real Time Build Order
Export as new Build Order

FlawlessPim Zerg 

Build Orders: Hatch First 

Get SALT Encoding   

  12  0:01  Drone  
  13  0:12  Overlord  
  13  0:19  Drone  
  14  0:30  Drone x2  
  14  0:34  Drone  
  17  0:45  Drone  
  18  0:57  Hatchery  
  17  0:59  Drone  
  18  1:09  Extractor  
  17  1:14  Spawning Pool  
  17  1:16  Drone  
  17  1:21  Drone  
  18  1:28  Overlord  
  18  1:39  Drone  
  19  1:52  Drone  
  20  2:00  Queen  
  22  2:01  Zergling x2  
  23  2:10  Zergling x2  
  23  2:11  Queen  
  23  2:12  Zergling x2  
  23  2:14  Metabolic Boost  
  27  2:19  Drone  
  28  2:32  Drone x2  
  28  2:34  Drone  
  28  2:36  Queen  
  33  2:49  Drone  
  33  2:50  Drone  
  35  2:52  Overlord  
  35  2:54  Queen  
  35  2:55  Extractor  
  37  3:02  Overlord  
  37  3:11  Overlord  
  37  3:13  Drone  
  37  3:14  Drone x4  
  42  3:23  Drone x2  
  42  3:24  Overlord x2  
  44  3:30  Drone  
  45  3:43  Drone x2  
  45  3:47  Hatchery, Extractor  
  45  3:49  Extractor  
  45  3:51  Roach Warren  
  43  4:01  Drone x3  
  47  4:02  Drone  
  47  4:03  Drone x2  
  47  4:04  Lair  
  47  4:06  Drone  
  47  4:08  Drone  
  51  4:10  Drone  
  52  4:18  Drone x2  
  52  4:21  Extractor  
  52  4:23  Drone  
  54  4:25  Evolution Chamber x2  
  54  4:29  Zergling x2  
  53  4:34  Overlord x2  
  53  4:37  Roach x2  
  57  4:46  Drone x2  
  57  4:50  Zerg Melee Weapons Level 1  
  57  4:51  Zerg Ground Armor Level 1  
  59  4:56  Drone x3  
  59  4:59  Queen  
  64  5:10  Roach x4  
  64  5:13  Glial Reconstitution  
  72  5:22  Spore Crawler  
  72  5:25  Spore Crawler  
  72  5:26  Drone  
  72  5:27  Drone x3, Spore Crawler  
  72  5:38  Drone x4  
  76  5:50  Extractor  
  76  5:51  Drone x6, Extractor  
  80  5:57  Ravager x2  
  80  5:58  Ravager x4  
  86  6:11  Baneling Nest  
  86  6:12  Drone x2  
  86  6:13  Drone x2  
  86  6:14  Drone x2, Infestation Pit  
  86  6:18  Overlord x2  
  90  6:25  Overlord  
  90  6:26  Overlord x3  
  90  6:46  Roach x9  
  108  6:59  Roach x8  
  123  7:03  Hive  
  123  7:06  Drone x2  
  125  7:18  Zergling x2  
  125  7:19  Zergling x4  
  125  7:20  Centrifical Hooks  
  128  7:28  Drone  
  128  7:29  Drone x2  
  131  7:31  Drone x3  
  131  7:33  Drone x3  
  131  7:36  Overlord  
  131  7:37  Zerg Melee Weapons Level 2  
  137  7:40  Zerg Ground Armor Level 2  
  137  7:53  Hatchery, Spore Crawler  
  137  7:54  Spine Crawler  
  137  7:55  Spore Crawler  
  132  8:09  Zergling x24  
  132  8:10  Zergling x4  
  146  8:13  Overlord x2  
  146  8:19  Ultralisk Cavern  
  145  8:22  Spore Crawler  
  145  8:23  Spore Crawler  
  143  8:30  Baneling x2  
  143  8:31  Baneling x20  
  138  8:57  Overlord x2  
  138  8:58  Overlord x3  
  138  9:10  Drone x9  
  138  9:11  Drone  
  138  9:14  Chitinous Plating  
  148  9:17  Ultralisk x2  
  160  9:25  Extractor, Queen  
  161  9:34  Ultralisk x2  
  161  9:35  Zergling x2  
  161  9:36  Zergling x4  
  176  9:45  Overseer, Extractor  
  175  9:47  Pneumatized Carapace  
  175  10:04  Ultralisk x2  
  187  10:13  Spire  
  129  10:45  Ultralisk, Zergling x2  
  129  10:46  Zergling x24  
  144  10:57  Zergling x4  
  144  10:58  Zergling x14  
  144  11:04  Ultralisk  
  142  11:06  Baneling  
  142  11:07  Baneling x12  
  147  11:17  Zergling x6  
  143  11:33  Zergling x2  
  143  11:34  Zergling x20  
  143  11:38  Greater Spire  
  154  11:40  Spire  
  153  11:58  Corruptor x7  
  109  12:17  Corruptor  
  109  12:18  Corruptor x2  
  114  12:26  Zergling x2  
  114  12:27  Zergling x12  
  121  12:32  Hatchery  
  120  12:38  Hatchery  
  113  12:47  Corruptor x4  
  103  13:08  Brood Lord  
  103  13:09  Brood Lord x3  
  111  13:40  Corruptor  
  111  13:41  Corruptor x3  
  106  13:44  Extractor  
  106  13:45  Drone, Extractor  
  106  13:46  Drone x11  
  122  14:04  Corruptor x3  
  128  14:16  Corruptor x2  
  127  14:30  Corruptor  
  127  14:31  Corruptor x2  
Show
View Real Time Build Order
Export as new Build Order

TheLungy Terran - Winner!

Build Orders: Liberator Opening, Reaper Expand, Bio Tank 

Get SALT Encoding   

  12  0:02  SCV  
  13  0:14  SCV  
  13  0:18  Supply Depot  
  14  0:26  SCV  
  15  0:40  SCV  
  15  0:41  Barracks  
  16  0:46  Refinery  
  16  0:52  SCV  
  17  1:04  SCV  
  18  1:16  SCV  
  19  1:28  Orbital Command  
  19  1:29  Reaper  
  20  1:41  Command Center  
  20  1:53  Supply Depot  
  21  1:54  SCV  
  21  2:02  Barracks Reactor  
  21  2:06  SCV  
  22  2:18  SCV  
  23  2:24  Factory  
  23  2:30  SCV  
  23  2:32  Refinery  
  24  2:39  Marine x2  
  24  2:42  SCV  
  27  2:54  SCV  
  27  2:55  Command Center  
  27  2:56  Orbital Command  
  28  3:01  Marine  
  28  3:02  Marine  
  30  3:06  SCV  
  30  3:12  Starport  
  31  3:14  Factory Tech Lab  
  31  3:18  SCV  
  32  3:23  SCV  
  32  3:25  Marine  
  34  3:27  Marine  
  34  3:31  SCV  
  36  3:35  SCV  
  36  3:37  Siege Tank  
  40  3:41  Supply Depot  
  40  3:43  SCV  
  40  3:46  Marine  
  40  3:47  SCV, Liberator, Marine  
  44  3:56  SCV  
  44  3:59  SCV  
  46  4:05  Marine x2  
  46  4:07  Orbital Command  
  46  4:08  SCV  
  52  4:11  SCV  
  52  4:16  Refinery  
  53  4:19  Siege Tank  
  53  4:20  SCV  
  53  4:23  SCV  
  58  4:28  Supply Depot, Marine x2  
  60  4:33  SCV  
  60  4:35  SCV  
  60  4:37  SCV  
  63  4:42  Engineering Bay  
  63  4:43  Engineering Bay  
  63  4:45  SCV  
  63  4:48  SCV  
  63  4:52  Marine x2, Orbital Command  
  70  4:53  Siege Tank, Starport Reactor  
  70  4:57  SCV, Refinery  
  70  5:00  SCV  
  71  5:09  SCV, Barracks  
  71  5:10  Barracks  
  71  5:11  Terran Infantry Weapons Level 1, Terran Infantry Armor Level 1  
  71  5:12  SCV  
  73  5:17  Supply Depot  
  73  5:18  SCV  
  74  5:21  SCV  
  74  5:24  SCV  
  76  5:29  Marine x2  
  76  5:31  SCV  
  76  5:33  SCV  
  80  5:36  SCV  
  80  5:38  Medivac  
  80  5:39  Medivac  
  85  5:43  SCV  
  85  5:44  Siege Tank  
  85  5:45  Supply Depot, SCV  
  85  5:48  Supply Depot, SCV  
  91  5:55  Marine x2  
  93  5:57  Barracks Tech Lab x2  
  93  6:01  Barracks  
  93  6:02  Barracks  
  93  6:06  SCV  
  93  6:07  SCV  
  93  6:10  SCV  
  96  6:19  SCV x2, Supply Depot  
  96  6:20  Combat Shields, Stimpack  
  96  6:21  Supply Depot, Medivac  
  96  6:23  SCV  
  101  6:28  Armory  
  101  6:31  SCV x2  
  101  6:32  Barracks  
  103  6:33  Barracks  
  103  6:34  Marine x3  
  103  6:35  Marine  
  103  6:36  Barracks  
  103  6:37  SCV  
  108  6:43  SCV, Siege Tank  
  108  6:45  SCV  
  113  6:49  SCV  
  113  6:51  Supply Depot  
  113  6:52  Factory  
  113  6:53  Marine x2  
  116  6:55  SCV  
  115  7:05  Refinery x2  
  115  7:06  Marine x2  
  119  7:10  Barracks Tech Lab  
  119  7:11  Barracks Tech Lab, Marine  
  118  7:16  Siege Tank  
  118  7:18  Supply Depot  
  118  7:19  Supply Depot  
  118  7:20  Supply Depot  
  121  7:24  Marine  
  121  7:27  Barracks Reactor  
  121  7:28  Barracks Reactor, Barracks Tech Lab  
  122  7:32  Marine x5  
  127  7:39  Terran Infantry Weapons Level 2  
  127  7:42  Supply Depot  
  127  7:43  Supply Depot, Terran Infantry Armor Level 2  
  127  7:44  Marine  
  127  7:47  Supply Depot  
  127  7:49  Marine x2  
  127  7:50  Marine  
  130  8:00  Marine  
  130  8:01  Siege Tank, Marine x2  
  130  8:03  Factory Tech Lab  
  136  8:12  Liberator x2  
  136  8:14  Command Center  
  136  8:15  Marine x3  
  136  8:16  Marine x5  
  144  8:25  Marine x3  
  147  8:33  Siege Tank  
  154  8:42  Marauder, Marine x4  
  154  8:43  Marauder  
  154  8:44  Marauder  
  154  8:46  Marauder, Marine x2  
  154  8:47  Marauder  
  163  8:56  Siege Tank  
  163  9:00  Marine x3  
  163  9:01  Liberator x2, Marine  
  170  9:04  Marauder x2, Marine x2  
  170  9:05  Marauder  
  170  9:06  Siege Tank  
  170  9:08  Marine  
  170  9:09  Marauder  
  180  9:17  Marine  
  180  9:18  Marine x2  
  180  9:19  Marine  
  180  9:21  Marine  
  180  9:22  Marine  
  192  9:25  Marauder  
  200  9:32  Planetary Fortress  
  200  9:33  Missile Turret  
  194  9:52  Starport x2, Fusion Core  
  194  9:55  Refinery, Marine x4  
  194  9:56  Marine x2  
  200  10:08  Terran Infantry Weapons Level 3, Terran Infantry Armor Level 3  
  200  10:16  Command Center  
  200  10:17  Barracks  
  200  10:20  Barracks  
  200  10:23  Barracks  
  198  10:38  Marine x2  
  198  10:39  Marine, Marauder x2  
  198  10:40  Marauder x3, Marine x3  
  191  10:56  Marine x2  
  192  10:57  Marine x2  
  192  10:58  Marine x2  
  192  11:00  Marauder x2  
  192  11:01  Starport Reactor, Starport Tech Lab  
  200  11:17  Refinery  
  200  11:20  Barracks Tech Lab x3  
  200  11:25  Ghost Academy  
  189  12:09  Liberator x3  
  189  12:10  Marine  
  189  12:11  Marauder x4, Marine x3  
  189  12:13  Marine x2  
  189  12:14  Marauder  
  110  12:23  Siege Tank x2  
  110  12:26  Viking x2  
  110  12:28  Marine x3  
  110  12:29  Marine  
  129  12:30  Marauder, Marine x2  
  129  12:31  Marine x2  
  129  12:32  Bunker, Marauder x2  
  129  12:33  Planetary Fortress, Marauder x2  
  129  12:35  Marauder  
  145  12:39  Liberator  
  145  12:46  Marine x4  
  145  12:48  Marauder x2  
  145  12:49  Marine x2  
  155  12:52  Marauder, Liberator  
  155  12:54  Marauder x4  
  155  12:56  Viking, Marine  
  171  13:04  Marine x4  
  175  13:07  Marine x2  
  175  13:09  Viking, Ghost  
  175  13:10  Marauder  
  189  13:12  Ghost  
  189  13:14  Missile Turret, Marine  
  189  13:15  Marauder, Marine x2  
  189  13:16  Marauder  
  198  13:22  Marine x2  
  198  13:26  Medivac  
  199  13:27  Advanced Ballistics  
  199  13:37  Marine  
  200  13:42  Command Center  
  192  14:15  Marauder x2, Marine x2  
  198  14:19  Marine x2  
  200  14:30  Marine  
  200  14:31  Marauder x2, Marine x2  
  200  14:33  Marauder, Marine x2  
  200  14:35  Marine  
  200  14:36  Marine, Marauder  
  200  14:37  Marine, Marauder  
  198  14:39  Marine  
  196  14:48  Marine x2  
Tags
 
Add a new tag
Caveats
  • Supply blocks, unpowered buildings, or Contaminate may cause inaccurate times.
  • Supply counts are checked every 10 seconds.